 Dungeon Crawl Stone Soup version 0.29-a0-384-g6960b1960d (webtiles) character file.

Game seed: 5570739393226620231

72 jlumianski the Covered (level 4, -4/35 HPs)
             Began as a Demonspawn Fighter on May 6, 2022.
             Slain by Grinder (6 damage)
             ... on level 3 of the Dungeon.
             The game lasted 00:05:02 (2248 turns).

jlumianski the Covered (Demonspawn Fighter)         Turns: 2248, Time: 00:05:03

Health: -4/35      AC:  5    Str: 18    XL:     4   Next: 7%
Magic:  4/4        EV: 13    Int:  9    God:
Gold:   192        SH:  4    Dex: 13    Spells: 3/3 levels left

rFire   . . .      SeeInvis .   a - +0 war axe
rCold   . . .      Faith    .   c - +0 buckler
rNeg    . . .      Spirit   .   q - +0 steam dragon scales
rPois   .          Reflect  .   (helmet restricted)
rElec   .          Harm     .   (no cloak)
rCorr   .          Rampage  .   (no gloves)
Will    .....                   (no boots)
Stlth   +.........              (no amulet)
HPRegen 0.11/turn               (no ring)
MPRegen 0.09/turn               (no ring)

@: mighty
A: horns 1, repulsion field 1, powered by pain 1
a: no special abilities


You were on level 3 of the Dungeon.
You visited 1 branch of the dungeon, and saw 4 of its levels.

You collected 192 gold pieces.

Inventory:

Hand Weapons
 a - a +0 war axe (weapon)
Missiles
 e - 68 stones (quivered)
 o - 5 poisoned darts
Armour
 b - a +0 scale mail
 c - a +0 buckler (worn)
 i - a +0 chain mail
 q - +0 steam dragon scales (worn)
Wands
 h - a wand of acid (11)
Potions
 f - a potion of flight
 g - 2 potions of attraction
 j - a potion of curing {unknown}
 k - a potion of heal wounds {unknown}
 l - a potion of lignification {unknown}
 m - a potion of cancellation {unknown}
 n - a potion of brilliance {unknown}
 p - a potion of degeneration {unknown}


   Skills:
 + Level 3.4 Fighting
 + Level 2.3 Axes
 + Level 3.5 Armour
 + Level 0.2 Dodging
 + Level 0.1 Stealth
 + Level 2.9 Shields


You had 3 spell levels left.
You didn't know any spells.
Your spell library contained the following spells:

 Spells                   Type           Power      Damage    Failure   Level
 Animate Skeleton         Necr           0%         N/A       47%         1
 Apportation              Tloc           0%         N/A       47%         1
 Summon Small Mammal      Summ           0%         N/A       47%         1


Dungeon Overview and Level Annotations

Branches:
Dungeon (4/15)
 Temple: D:4-7

Altars:

Annotations:
D:3 Grinder


Innate Abilities, Weirdness & Mutations

You have a pair of small horns on your head.
You are surrounded by a mild repulsion field. (EV +2)
You sometimes gain a little power by taking damage.


Message History

The endoplasm is severely wounded.
The endoplasm freezes you.
You are frozen.
You slash the endoplasm!
You kill the endoplasm!
You hit Grinder.
Grinder is lightly wounded.
Grinder misses you. Grinder hits you!
You writhe in agony.
You hit Grinder. You headbutt Grinder.
Grinder is moderately wounded.
Grinder barely misses you.
You hit Grinder. Your headbutt misses Grinder.
Grinder is moderately wounded.
Grinder blinks!
Grinder says, "I used to sell toenails on the black market."
You see here the felid corpse of Natasha.
You hit Grinder but do no damage.
Grinder is moderately wounded.
Grinder gestures at you. You resist with significant effort.
You block Grinder's attack.
You barely miss Grinder.
Grinder is moderately wounded.
Grinder barely misses you.
You hit Grinder but do no damage.
Grinder is moderately wounded.
Grinder hits you.
You writhe in agony.
* * * LOW HITPOINT WARNING * * *
Grinder hits you.
* * * LOW HITPOINT WARNING * * *
You writhe in agony.
* * * LOW HITPOINT WARNING * * *
You feel very mighty all of a sudden. Grinder hits you.
* * * LOW HITPOINT WARNING * * *
You barely miss Grinder. You headbutt Grinder!
Grinder is heavily wounded.
Grinder hits you.
* * * LOW HITPOINT WARNING * * *
You writhe in agony.
You die...

#..............#.
#.# #
#########........
..# #.####### #.#
#.# # #.# # #.# #
#.######## #
#...5@†..# #
########.# # #.#
# #...h......J #
...h......>.PJ# #
.###.##.##≈.P≈. #
#. #..


P≈P≈P # # #.P ≈≈♣≈ # #P≈ ♣♣ You could see Grinder.

Vanquished Creatures
  Natasha (D:3)
  3 dart slugs
  8 ball pythons
  A bat (D:2)
  5 endoplasms
  A giant cockroach (D:1)
  3 goblins
  4 hobgoblins
  4 quokkas
  2 frilled lizards (D:1)
  3 kobolds
  4 rats
39 creatures vanquished.

Notes
Turn   | Place    | Note
-------+----------+-------------------------------------------
     0 | D:1      | jlumianski the Demonspawn Fighter began the quest for the
                  | Orb.
     0 | D:1      | Reached XP level 1. HP: 18/18 MP: 1/1
   382 | D:1      | Gained mutation: You sometimes gain a little power by
                  | taking damage. [demonic ancestry]
   382 | D:1      | Reached XP level 2. HP: 15/24 MP: 2/2
  1184 | D:2      | You fall into a shaft and drop 1 floor!
  1213 | D:3      | Gained mutation: You are surrounded by a mild repulsion
                  | field. (EV +2) [demonic ancestry]
  1213 | D:3      | Reached XP level 3. HP: 29/29 MP: 3/3
  1730 | D:2      | Found a faded altar of an unknown god.
  2226 | D:3      | Noticed Natasha
  2226 | D:3      | Noticed Grinder
  2231 | D:3      | Paralysed by Grinder for 4 turns
  2236 | D:3      | Killed Natasha
  2237 | D:3      | Gained mutation: You have a pair of small horns on your
                  | head. [demonic ancestry]
  2237 | D:3      | Reached XP level 4. HP: 29/35 MP: 4/4
  2248 | D:3      | Slain by Grinder

Illustrated notes

Levels and vault maps discovered:
D:1:      sevenhm_arrival_forest_fort_small_6, layout_basic
D:2:      layout_basic, ebering_ecumenical_altar_rust
D:3:      layout_loops_ring, serial_bayou_pond_c, uniq_natasha, uniq_robin,
          uniq_grinder
D:4:      layout_basic, tgw_xom, minmay_hedge_maze, wad_floor_pattern_untrapped,
          hangedman_decor_points, uniq_menkaure, uniq_eustachio

Skill      XL: |  1  2 |
---------------+-------+-----
Armour         | 3 |  3.5
Axes           | 2 |  2.3
Fighting       | |  3.4
Dodging        | |  0.2
Stealth        | |  0.1
Shields        | |  2.9

Action                   |  1- 3 |  4- 6 || total
-------------------------+-------+-------++-------
Melee: War axe           |   107 |     9 ||   116
       Headbutt          |       |     3 ||     3
  Use: Scroll            |     6 |       ||     6
       Potion            |       |     1 ||     1
Armor: Scale mail        |    30 |       ||    30
       Chain mail        |    22 |       ||    22
Dodge: Dodged            |    53 |     3 ||    56
Block: Buckler           |    22 |     1 ||    23

Table legend: (Time is in decaauts)
 A = Elapsed time spent in this place.
 B = Non-inter-level travel time spent in this place.
 C = Inter-level travel time spent in this place.
 D = Time resting spent in this place.
 E = Time spent auto-exploring this place.
 F = Levels seen in this place.
 G = Mean time per level.
                   A        B        C        D        E       F      G
               +--------+--------+--------+--------+--------+-----+--------+
         Total |   2301 |   2259 |     42 |      0 |   1635 |   4 |  575.2 |
       Dungeon |   2301 |   2259 |     42 |      0 |   1635 |   4 |  575.2 |
               +--------+--------+--------+--------+--------+-----+--------+

Top non-repeatable levels by time:
     D:1: 1038 daAuts
     D:2: 893 daAuts
     D:3: 367 daAuts
     D:4: 1 daAuts
